 Dungeon Crawl Stone Soup version 0.31.0-11-ge490571c62 (webtiles) character file.

Game seed: 13291787533943210302

1967 Rassilon the Covert (level 9, -4/39 HPs)
             Began as a Spriggan Enchanter on Feb 8, 2024.
             Was a Follower of Dithmenos.
             Slain by an elephant (12 damage)
             ... on level 8 of the Dungeon.
             The game lasted 00:26:29 (6500 turns).

Rassilon the Covert (Spriggan Enchanter)            Turns: 6500, Time: 00:26:29

Health: -4/39      AC:  4    Str:  6    XL:     9   Next: 0%
Magic:  19/19      EV: 19    Int: 23    God:    Dithmenos [*.....]
Gold:   208        SH:  0    Dex: 24    Spells: 5/20 levels left

rFire   + . .        h - +9 dagger of Zedgheogin {flame, rF+ Int+4 Dex+3}
rCold   . . .        (no shield)
rNeg    . . .        o - +2 robe {Will+}
rPois   .            (helmet restricted)
rElec   .            (no cloak)
rCorr   .            (gloves unavailable)
SInv    +            (boots unavailable)
Will    ++...        x - amulet of magic regeneration
Stlth   ++++++       v - +6 ring of dexterity
HPRegen 0.26/turn    (no ring)
MPRegen 0.56/turn

%: no passive effects
@: lethally poisoned (-4 -> -15), wreathed by umbra, very quick
A: very small, no large weapons, unfitting armour, see invisible, speed 3
a: Renounce Religion


You were on level 8 of the Dungeon.
You worshipped Dithmenos.
Dithmenos was aware of your devotion.
You visited 2 branches of the dungeon, and saw 9 of its levels.

You collected 346 gold pieces.
You spent 138 gold pieces at shops.

Inventory:

Hand Weapons
 h - the +9 dagger of Zedgheogin (weapon) {flame, rF+ Int+4 Dex+3}
   (You found it on level 2 of the Dungeon)

   Int+4:     It affects your intelligence (+4).
   Dex+3:     It affects your dexterity (+3).
   rF+:       It protects you from fire.
Armour
 o - a +2 robe of willpower (worn)
Jewellery
 v - a +6 ring of dexterity (left hand)
 x - an amulet of magic regeneration (around neck)
Wands
 e - a wand of charming (17)
Scrolls
 a - a scroll of vulnerability {unknown}
 b - 4 scrolls of teleportation
 f - 2 scrolls of acquirement
 g - a scroll of fear {unknown}
 q - a scroll of silence {unknown}
 s - a scroll of revelation {unknown}
 t - a scroll of enchant armour {unknown}
 u - a scroll of immolation
 w - a scroll of torment {unknown}
 D - a scroll of amnesia {unknown}
Potions
 c - 2 potions of invisibility
 d - 2 potions of might
 i - a potion of enlightenment
 j - a potion of mutation
 k - 2 potions of magic
 l - 4 potions of curing
 m - 4 potions of heal wounds
 n - a potion of ambrosia {unknown}
 p - a potion of brilliance {unknown}
 r - a potion of haste {unknown}
 z - a potion of lignification {unknown}
 A - 2 potions of berserk rage {unknown}
 B - 2 potions of degeneration {unknown}
 C - a potion of resistance {unknown}


   Skills:
 * Level 8.8 Short Blades
 - Level 3.0 Dodging
 + Level 9.9 Stealth
 - Level 6.0 Spellcasting
 + Level 5.2 Hexes
 + Level 3.8 Evocations


You had 5 spell levels left.
You knew the following spells:

 Your Spells              Type           Power      Damage    Failure   Level
a - Ensorcelled Hibernat  Hex/Ice        36%        N/A       4%          2
b - Confusing Touch       Hex            30%        N/A       3%          3
c - Dazzling Flash        Conj/Hex       36%        N/A       9%          3
d - Tukima's Dance        Hex            30%        N/A       3%          3
e - Cause Fear            Hex            15%        N/A       10%         4

Your spell library contained the following spells:

 Spells                   Type           Power      Damage    Failure   Level
 Magic Dart               Conj           24%        1d4       9%          1
 Scorch                   Fire           12%        2d5       13%         2
 Searing Ray              Conj           12%        2d4       13%         2
 Flame Wave               Conj/Fire      6%         2d5       63%         4
 Fulminant Prism          Conj/Alch      3%         3d5       63%         4
 Fireball                 Conj/Fire      3%         3d4       93%         5
 Summon Cactus Giant      Summ           3%         N/A       100%        6
 Dragon's Call            Summ           3%         N/A       100%        9


Dungeon Overview and Level Annotations

Branches:
Dungeon (8/15)             Temple (1/1) D:6            Lair (0/5) D:8

Altars:
Ashenzari
Cheibriados
Dithmenos
Elyvilon
Gozag
Hepliaklqana
Kikubaaqudgha
Makhleb
Nemelex Xobeh
Okawaru
Qazlal
Ru
Sif Muna
Trog
Uskayaw
Vehumet
Wu Jian
Xom
Yredelemnul
Zin

Shops:
D:3 *[   D:5 **


Innate Abilities, Weirdness & Mutations

You are very small and have problems with some larger weapons.
You are too small for most types of armour.
You have supernaturally acute eyesight. (SInv)
You cover ground extremely quickly. (Speed+++)


Message History

Done exploring.
You climb downwards.
You hear the roar of battle.
There is an entrance to a bailey on this level.
Hurry and find it before the portal closes forever!
The steam dragon hisses angrily.
Found a staircase to the Lair.
There is a stone staircase leading up here.
Okay, then.
The elephant trumpets!
The basilisk hisses angrily.
You climb upwards.
There is a stone staircase leading down here.
As you read the scroll labelled JEFINO DOTZ, it crumbles to dust.
The air around you briefly surges with heat, but it dissipates.
It was a scroll of immolation.
The air fills with toxic fumes!
As you read the scroll labelled INULAINTOCRO, it crumbles to dust.
It was a scroll of poison.
You climb downwards.
You hear the roar of battle.
There is an entrance to a bailey on this level.
Hurry and find it before the portal closes forever!
The elephant closely misses you. The elephant trunk-slaps you.
There is a stone staircase leading up here.
The air fills with toxic fumes!
As you read the scroll of poison, it crumbles to dust.
The basilisk gazes at you. You resist with almost no effort.
The steam dragon breathes steam at you. The ball of steam hits you. You resist.
The elephant tramples you!
You stumble backwards!
You hear a bellow!
The basilisk hisses angrily.
You hit the elephant. You burn the elephant.
The elephant is lightly wounded.
You are engulfed in poison gas.
You are poisoned.
* * * LOW HITPOINT WARNING * * *
x2 You feel very sick.
The elephant is engulfed in a cloud of scalding steam.
The elephant tramples you!
You die...

##..Y......##
##§§§§§§§§§§§#
§#§§P§§.l§§§P§§
§§§§§§§§§§§§§§§
.§§§§§§§§§§§§§§
#§§P§.§§.§§§#
#§§§l§D§§§#
###§@§§§####
#§§§Y§§§§§§§
#§§§.§§§§§§§
####§§§§§§§§
#§####### §§§
§§# §§# ~~.#


You could see an elephant, a yak (wandering), 2 basilisks and a steam dragon
(catching breath).

Vanquished Creatures
  An ice beast (D:6)
  A sky beast (D:5)
  2 black bears
  2 centaurs (D:7)
  2 phantoms
  A gnoll sergeant (D:7)
  2 bullfrogs (D:7)
  3 scorpions
  2 bombardier beetles (D:5)
  3 hounds
  3 orc priests (D:6)
  2 sleepcaps
  2 iguanas (D:7)
  10 orc wizards
  7 gnolls
  10 adders
  A white imp (D:6)
  2 ufetubi (D:6)
  3 ribbon worms
  33 orcs
  8 endoplasms
  2 giant cockroaches (D:4)
  8 goblins
  11 hobgoblins
  10 jackals
  20 kobolds
  A quokka (D:2)
  6 ball pythons
  11 bats
  5 frilled lizards
  4 rats
178 creatures vanquished.

Vanquished Creatures (collateral kills)
  A gnoll (D:7)
  2 orcs (D:6)
3 creatures vanquished.

Vanquished Creatures (others)
  5 dancing weapons
5 creatures vanquished.

Grand Total: 186 creatures vanquished

Notes
Turn   | Place    | Note
-------+----------+-------------------------------------------
     0 | D:1      | Rassilon the Spriggan Enchanter began the quest for the
                  | Orb.
     0 | D:1      | Reached XP level 1. HP: 9/9 MP: 5/5
   165 | D:1      | Reached XP level 2. HP: 8/13 MP: 6/6
   223 | D:1      | Learned a level 2 spell: Ensorcelled Hibernation
   615 | D:1      | Reached XP level 3. HP: 7/16 MP: 8/8
   657 | D:1      | Learned a level 3 spell: Confusing Touch
   661 | D:1      | Learned a level 3 spell: Dazzling Flash
   988 | D:2      | Reached skill level 5 in Stealth
  1273 | D:2      | Identified the +9 dagger of Zedgheogin {flame, rF+ Int+4
                  | Dex+3}
  1290 | D:2      | Reached XP level 4. HP: 21/21 MP: 10/10
  1715 | D:3      | Found Qig Zan's General Store.
  1720 | D:3      | Bought a potion of heal wounds for 55 gold pieces
  1720 | D:3      | Bought a potion of curing for 33 gold pieces
  1770 | D:3      | You fall into a shaft and drop 2 floors!
  1770 | D:5      | Entered Level 5 of the Dungeon
  1821 | D:5      | Found Liceck's General Store.
  1821 | D:5      | Found Uxkameim's Specific Store.
  2017 | D:5      | Reached XP level 5. HP: 24/24 MP: 11/11
  2066 | D:4      | Reached skill level 6 in Stealth
  2174 | D:3      | Found Lacyrch's Antique Armour Shoppe.
  2453 | D:3      | Reached XP level 6. HP: 8/28 MP: 8/13
  3144 | D:4      | Reached skill level 5 in Short Blades
  3600 | D:4      | Reached skill level 7 in Stealth
  3604 | D:4      | Reached skill level 5 in Spellcasting
  3682 | D:4      | Reached XP level 7. HP: 32/32 MP: 12/15
  3805 | D:4      | Found a large runed translucent door.
  3806 | D:4      | Found a large runed translucent door.
  3810 | D:4      | Found a shimmering altar of Xom.
  3937 | D:5      | Bought a scroll of teleportation for 30 gold pieces
  3937 | D:5      | Bought a scroll of identify for 20 gold pieces
  4069 | D:5      | Found a glowing silver altar of Zin.
  4071 | D:5      | Noticed an angel
  4092 | D:5      | Found a shimmering altar of Xom.
  4120 | D:5      | Reached skill level 8 in Stealth
  4625 | D:6      | Found a staircase to the Ecumenical Temple.
  4630 | Temple   | Entered the Ecumenical Temple
  4635 | Temple   | Became a worshipper of Dithmenos the Shadowed
  4701 | D:6      | Reached XP level 8. HP: 36/36 MP: 16/18
  4786 | D:6      | Learned a level 3 spell: Tukima's Dance
  4829 | D:6      | Reached skill level 1 in Evocations
  5034 | D:6      | Reached skill level 9 in Stealth
  5792 | D:7      | Reached * piety under Dithmenos
  5819 | D:7      | Reached skill level 5 in Hexes
  6300 | D:7      | Reached XP level 9. HP: 39/39 MP: 19/19
  6484 | D:7      | Identified 3 scrolls of acquirement
  6484 | D:7      | Acquired a book of the Dragon
  6491 | D:7      | Learned a level 4 spell: Cause Fear
  6492 | D:8      | Noticed an elephant
  6492 | D:8      | Found a staircase to the Lair.
  6500 | D:8      | Slain by an elephant

Illustrated notes

Levels and vault maps discovered:
D:1:      dpeg_arrival_windows_large_door, layout_basic
D:2:      layout_rooms, minmay_misc_feat_rows, kennysheep_nub,
          amcnicky_mini_rare_corridor_liquid, hangedman_decor_lopped
D:3:      layout_basic, serial_shops, shop, shop, nrook_uturn
D:4:      due_chaos_kobolds, layout_basic, gup_sewer_entry_glass
D:5:      layout_loops_corners, grunt_temple_overflow_order_and_chaos_1,
          nicolae_specific_store
D:6:      layout_loops_cross
D:7:      layout_layer_cave
D:8:      layout_basic, tso_metal_star, fedhas_altar_3, david_lair_generic,
          special_room [special_room_orc], enter_bailey_3
Temple:   regret_index_temple_chain_breaker

Skill      XL: |  1  2  3  4  5  6  7  8 |
---------------+-------------------------+-----
Dodging        | 3 |  3.0
Spellcasting   | 3 4 5 6 |  6.0
Short Blades   | 2 3 4 5 7 8 |  8.8
Stealth        | 5 6 7 8 9 |  9.9
Evocations     | 3 |  3.8
Hexes          | 5 |  5.2

Action                     |  1- 3 |  4- 6 |  7- 9 || total
---------------------------+-------+-------+-------++-------
  Melee: Dagger            |   157 |   143 |   144 ||   444
         Punch             |     1 |     1 |     2 ||     4
   Cast: Ensorcelled Hiber |    14 |    24 |    24 ||    62
         Dazzling Flash    |       |     2 |       ||     2
         Confusing Touch   |       |     7 |     4 ||    11
         Tukima's Dance    |       |       |    14 ||    14
    Use: Scroll            |       |       |     8 ||     8
         Potion            |       |       |     1 ||     1
   Stab: Sleeping          |    16 |    16 |    18 ||    50
         Invisible         |       |     1 |       ||     1
         Confused          |       |     2 |     2 ||     4
 Armour: Robe              |    37 |    35 |    50 ||   122
  Dodge: Dodged            |   104 |    94 |    74 ||   272
